 Dungeon Crawl Stone Soup version 0.22-a0-565-gfc6459a524 (webtiles) character file.

2501 Kholdaimon the Nimble (level 9, -15/65 HPs)
             Began as a Merfolk Gladiator on June 29, 2018.
             Was a Follower of Okawaru.
             Demolished by an orc warrior
             ... wielding a +0 trident
              (16 damage)
             ... on level 8 of the Dungeon.
             The game lasted 00:37:02 (8047 turns).

Kholdaimon the Nimble (Merfolk Gladiator)           Turns: 8047, Time: 00:37:03

Health: -15/65     AC:  9    Str: 15    XL:     9   Next: 53%
Magic:  9/9        EV: 18    Int: 10    God:    Okawaru [*.....]
Gold:   440        SH:  8    Dex: 15    Spells: 8/8 levels left

rFire    + . .     SeeInvis .   w - +2 falchion (freeze)
rCold    x . .     Gourm    .   b - +0 shield
rNeg     . . .     Faith    .   m - +0 leather armour {rPois}
rPois    +         Spirit   .   c - +0 helmet
rElec    .         Reflect  .   j - +2 cloak
rCorr    .         Harm     .   k - +0 pair of gloves
MR       .....                  A - +0 pair of boots
Stlth    +.........             (no amulet)
HPRegen  0.20/turn              r - ring of fire
MPRegen  0.11/turn              I - +2 ring of evasion

@: no status effects
A: change form in water, swift swim, stealthy swim
a: Heroism, Renounce Religion


You were on level 8 of the Dungeon.
You worshipped Okawaru.
Okawaru was aware of your devotion.
You were very hungry.

You visited 2 branches of the dungeon, and saw 9 of its levels.

You collected 440 gold pieces.

Inventory:

Hand Weapons
 a - a +1 long sword
 n - a +0 blowgun
 w - a +2 falchion of freezing (weapon)
 C - a +0 flail of crushing
Missiles
 d - 2 throwing nets
 h - 282 stones (quivered)
 t - 22 poisoned needles
 N - 3 tomahawks
Armour
 b - a +0 shield (worn)
 c - a +0 helmet (worn)
 j - a +2 cloak (worn)
 k - a +0 pair of gloves (worn)
 m - a +0 leather armour of poison resistance (worn)
 A - a +0 pair of boots (worn)
 D - a +0 ring mail
 M - a cursed +0 scale mail
Jewellery
 r - a ring of fire (left hand)
 I - a +2 ring of evasion (right hand)
Wands
 l - a wand of iceblast (8)
 q - a wand of flame (36)
 B - a wand of digging (29)
 K - a wand of random effects (24)
Scrolls
 i - 2 scrolls of fog {unknown}
 p - 2 scrolls of amnesia
 v - a scroll of magic mapping
 y - 2 scrolls of enchant armour
 E - 2 scrolls of remove curse
 F - a scroll of random uselessness {unknown}
 H - a scroll of enchant weapon
 J - a scroll of fear
Potions
 g - a potion of agility {unknown}
 o - 3 potions of brilliance
 s - 5 potions of lignification
 u - 2 potions of flight
 x - 2 potions of curing
 z - a potion of magic {unknown}
 G - a potion of invisibility {unknown}
 L - a potion of haste {unknown}
Comestibles
 f - 17 rations
 O - 5 chunks of flesh


   Skills:
 + Level 3.6 Fighting
 + Level 9.1 Long Blades
 + Level 5.8 Throwing
 + Level 10.6 Dodging
 + Level 1.4 Shields


You had 8 spell levels left.
You didn't know any spells.
Your spell library was empty.

Dungeon Overview and Level Annotations

Branches:
Dungeon (8/15)             Temple (1/1) D:7
   Lair: D:8-11

Altars:
Cheibriados
Dithmenos
Elyvilon
Kikubaaqudgha
Makhleb
Nemelex Xobeh
Okawaru
Sif Muna
Trog
Uskayaw
Vehumet
Xom
Yredelemnul
The Shining One


Message History

The orc warrior hits you from afar with a trident!
* * * LOW HITPOINT WARNING * * *
The orc wizard points at you and mumbles some strange words.
You easily resist.
You hit the orc wizard. You freeze the orc wizard.
The orc wizard is heavily wounded.
The centaur warrior zombie misses you.
The centaur warrior zombie hits you but does no damage.
You block the orc warrior's attack.
You hit the orc wizard but do no damage.
The orc wizard is heavily wounded.
The orc wizard misses you.
The centaur warrior zombie hits you but does no damage.
You slash the orc wizard! You freeze the orc wizard.
You kill the orc wizard!
Okawaru accepts your kill. The orc warrior misses you.
The centaur warrior zombie completely misses you.
The orc warrior hits you from afar with a trident!
You die...

.#.# #.####<#######
...###.# #.......# ...†...#
#..####.# ########
#..####.# #.....#.#
##########..##.#.## .#
#.......##....o...# ..#
#.......##.....Z).#####...#
#.......##.....@.........#
#........)..#...........##
#.......###.#.##.......##
#.......# #.......##...#
#....<..# #.#.##.###.###
######### #......# #.8
###.#### #... #.# ##8.8 #.#
###≈


You could see an orc warrior and a centaur warrior zombie.

Vanquished Creatures
  A spriggan (D:7)
  Edmund (D:4)
  An ice beast (D:6)
  A black bear (D:7)
  2 sky beasts
  A necrophage (D:8)
  An ogre (D:4)
  3 centaurs
  2 scorpions
  7 killer bees (D:8)
  3 howler monkeys (D:8)
  An electric eel (D:7)
  A crimson imp (D:8)
  A quasit (D:7)
  4 hounds
  A jelly (D:6)
  7 orc wizards
  2 orc priests
  2 centaur skeletons (D:5)
  Natasha (thrice) (D:4)
  3 worker ants
  A hound skeleton (D:4)
  9 adders
  3 shadow imps
  2 oozes
  An adder zombie (D:6)
  2 worms
  3 dart slugs
  4 leopard geckos
  18 orcs
  2 ball pythons (D:1)
  6 giant cockroaches
  3 goblins
  7 hobgoblins
  7 jackals
  2 quokkas
  4 bats
  3 frilled lizards
  5 kobolds
  2 leopard gecko skeletons
  8 rats
140 creatures vanquished.

Vanquished Creatures (others)
  A quokka (D:7)
  2 fungi (D:8)
3 creatures vanquished.

Grand Total: 143 creatures vanquished

Notes
Turn   | Place    | Note
-------+----------+-------------------------------------------
     0 | D:1      | Kholdaimon the Merfolk Gladiator began the quest for the Orb.
     0 | D:1      | Reached XP level 1. HP: 16/16 MP: 1/1
   306 | D:1      | Reached XP level 2. HP: 19/22 MP: 2/2
  1333 | D:2      | Reached XP level 3. HP: 26/28 MP: 3/3
  2360 | D:3      | Reached XP level 4. HP: 34/34 MP: 4/4
  2409 | D:3      | Found a glowing golden altar of the Shining One.
  2409 | D:3      | Found a sparkling altar of Nemelex Xobeh.
  2505 | D:3      | Reached skill level 5 in Dodging
  2866 | D:3      | Found a burning altar of Makhleb.
  2873 | D:3      | Reached XP level 5. HP: 27/41 MP: 5/5
  3148 | D:4      | Noticed an ogre
  3609 | D:4      | Noticed Edmund
  3628 | D:4      | Killed Edmund
  3628 | D:4      | Reached skill level 5 in Long Blades
  3628 | D:4      | Reached skill level 6 in Dodging
  3628 | D:4      | Reached XP level 6. HP: 32/47 MP: 6/6
  3839 | D:4      | Noticed Natasha
  3848 | D:4      | Killed Natasha
  4057 | D:4      | Noticed Natasha
  4100 | D:4      | Killed Natasha
  4100 | D:4      | Reached XP level 7. HP: 32/52 MP: 7/7
  4247 | D:4      | Found a white marble altar of Elyvilon.
  4538 | D:4      | Noticed Natasha
  4553 | D:4      | Killed Natasha
  4686 | D:5      | Entered Level 5 of the Dungeon
  4710 | D:5      | Reached skill level 7 in Dodging
  5492 | D:6      | Reached skill level 8 in Dodging
  5492 | D:6      | Reached XP level 8. HP: 58/58 MP: 8/8
  6115 | D:6      | Reached skill level 9 in Dodging
  6776 | D:7      | Reached skill level 5 in Throwing
  6804 | D:7      | Noticed a spriggan baker
  6823 | D:7      | Killed a spriggan baker
  6823 | D:7      | Reached XP level 9. HP: 36/63 MP: 9/9
  7041 | D:7      | Found a staircase to the Ecumenical Temple.
  7053 | Temple   | Entered the Ecumenical Temple
  7061 | Temple   | Became a worshipper of Warmaster Okawaru
  7123 | D:7      | Reached skill level 10 in Dodging
  7732 | D:8      | Reached skill level 1 in Shields
  8019 | D:8      | Reached * piety under Okawaru
  8043 | D:8      | HP: 1/64 [orc warrior/trident (13)]
  8047 | D:8      | Demolished by an orc warrior

Vault maps used:
D:1:      dpeg_arrival_castle
D:3:      grunt_temple_overflow_open, makhleb_blood_cavern_becter, first_ration,
          grunt_ministairs_14
D:4:      overflow_temple_1_default, hangedman_decor_growths, uniq_edmund,
          uniq_natasha
D:5:      kennysheep_generic_room_16
D:7:      black_bear_nest_2, temple_hall, the_bakery, fountainhead,
          grunt_decor_arrowhead, hex_large, grunt_decor_mini_mirrors
D:8:      kennysheep_orc_sif_temple, dpeg_oklobed_lair
Temple:   eino_narrow_crystal_temple

Skill      XL: |  1  2  3  4  5  6  7  8  9 |
---------------+----------------------------+-----
Long Blades    | 4 5 6 8 9 |  9.1
Dodging        | 5 6 8 9 10 | 10.6
Fighting       | 3 |  3.6
Throwing       | 3 4 5 |  5.8
Shields        | 1 |  1.4

Action                   |  1- 3 |  4- 6 |  7- 9 || total
-------------------------+-------+-------+-------++-------
Melee: Long sword        |    77 |    98 |    14 ||   189
       Falchion          |       |    33 |   335 ||   368
 Fire: Blowgun           |       |     7 |     1 ||     8
Throw: Stone             |    10 |    32 |    15 ||    57
       Throwing net      |     1 |       |       ||     1
  Use: Scroll            |     9 |     4 |     4 ||    17
       Potion            |       |     1 |     2 ||     3
 Stab: Sleeping          |     1 |     1 |     1 ||     3
  Eat: Chunk             |     4 |     6 |    12 ||    22
Armor: Leather armour    |    28 |    26 |   103 ||   157
Dodge: Dodged            |    63 |   119 |   291 ||   473
Block: Shield            |       |       |    39 ||    39
       Rpst.: Long sword |    21 |    27 |     1 ||    49
       Falchion          |       |    14 |    81 ||    95

Table legend:
 A = Spawn XP
 B = Non-spawn XP
 C = Spawn XP percentage of total XP
 D = Spawn monster count
 E = Non-spawn monster count
 F = Spawn count percentage of total count
 G = Total turns spent on level
                    A         B        C        D         E        F      G
               +---------+---------+-------+---------+---------+-------+---------
         Total |       0 |    3573 |   0.0 |       0 |     140 |   0.0 |  8047
               +---------+---------+-------+---------+---------+-------+---------
           D:1 |       0 |      24 |   0.0 |       0 |      17 |   0.0 |   942
           D:2 |       0 |      40 |   0.0 |       0 |       9 |   0.0 |  1294
           D:3 |       0 |     165 |   0.0 |       0 |      26 |   0.0 |  1386
           D:4 |       0 |     433 |   0.0 |       0 |      12 |   0.0 |  1064
           D:5 |       0 |     494 |   0.0 |       0 |      27 |   0.0 |   794
           D:6 |       0 |     613 |   0.0 |       0 |      16 |   0.0 |   844
           D:7 |       0 |     870 |   0.0 |       0 |      12 |   0.0 |   974
           D:8 |       0 |     934 |   0.0 |       0 |      21 |   0.0 |   732
               +---------+---------+-------+---------+---------+-------+---------
